[Event "*** Titled Tuesday 3|2 Blitz"]
[Site "Chess.com"]
[Date "2016.02.02"]
[Round "1"]
[White "tac49"]
[Black "RamonManon0g"]
[Result "1-0"]
[WhiteElo "2462"]
[BlackElo "2137"]
[TimeControl "180+2"]
[EndTime "11:10:38 PST"]
[Termination "tac49 won by resignation"]

1. e4 c5 2. Nf3 d6 3. d4 cxd4 4.
Qxd4 Nc6 5. Bb5 a6 6. Bxc6+ bxc6 7. Nc3 e5 8. Qd3 Be7 9. O-O Nf6 10. Bg5 h6 11. Bh4 Bg4 12. Nd2 O-O 13. f3 Be6 14. Nc4 d5 15. Nxe5 Qb6+ 16. Bf2 dxe4 17. Bxb6 exd3 18.
Nxc6 Bd6 19. cxd3 Bf5 20. Ne4 Nxe4 21. dxe4 Be6 22. Rfd1 Bf4 23. Ne7+ Kh7 24. Nd5 Be5 25. Bd4 Bd6 26. Rac1 Rfd8 27. Bc5 Be5 28. b3 Rac8 29. b4 f5 30. Bb6 Rxc1 31. Rxc1 Bxd5 32. Bxd8 Bxa2 33.
exf5 Bd4+ 34. Kf1 Be3 35. Rc2 Bb1 36. Rc3 Bd2 37. Rb3 Bxf5 38. Ke2 Be6 39. Rb2 Bc3 40.
Rb1 Bc4+ 41. Ke3 Be5 42. f4 Bd6 43. Bb6 Bd5 44. g3 Bf7 45. Bc5 Bc7 46. Ra1 Bc4 47. Kd4 Bb5 48. Re1 Bd8 49. Re6 Bf6+ 50. Kd5 Bc3 51. g4 Bf1 52. Re7 Bg2+ 53. Kc4 Bf6 54.
Ra7 Bh4 55. Bd4 Bf1+ 56. Kb3 h5 57. Rxg7+ Kh6 58. g5+ 1-0

[Event "*** Titled Tuesday 3|2 Blitz"]
[Site "Chess.com"]
[Date "2016.02.02"]
[Round "1"]
[White "JusticeBot"]
[Black "mssjust"]
[Result "0-1"]
[WhiteElo "2431"]
[BlackElo "2347"]
[TimeControl "180+2"]
[EndTime "11:10:46 PST"]
[Termination "mssjust won by checkmate"]

1. e4 c5 2. c3 d5 3. exd5 Qxd5 4. d4 Nf6 5. Nf3 e6 6. Be2 Be7 7. O-O cxd4 8. cxd4 O-O 9. Ne5 Nc6 10. Bf3 Qb5 11. Nc3 Qb6 12. Be3 Qxb2 13. Nxc6 bxc6 14. Bxc6 Ba6 15.
Bxa8 Bxf1 16. Na4 Qa3 17. Bf3 Bc4 18. Nc5 Bd5 19. Bxd5 Nxd5 20. Qb3 Qa5 21. Rc1 Nxe3 22. fxe3 Qd2 23. Rd1 Qe2 24. Ne4 Rc8 25. Ng3 Qc2 26. Rb1 g6 27. Qxc2 Rxc2 28. a4 Ra2 29. Rb7 Bg5 30. Nf1 Rxa4 31. Kf2 Ra2+ 32. Kf3 a5 33. Ng3 Ra3 34. Nf1 Kg7 35. g3 h5 36. h4 Bf6 37.
Nd2 Bxd4 38. Nc4 Rc3 39. Nd6 Rxe3+ 40. Kg2 Re2+ 41. Kf3 Rf2+ 42. Ke4 Bc5 43. Ne8+ Kf8 44. Nc7 Bd6 45. Nb5 Bxg3 46. Ra7 Ra2 47. Nc3 Ra3 48. Nb5 f5+ 49. Kd4 Bf2+ 50. Ke5 Bxa7 51. Nxa3 Ke7 52. Nb5 Bf2 53. Kf4 Bxh4 54. Nd4 g5+ 55. Ke3 Kd6 56. Nb3 a4 57. Nd2 Kd5 58. Nb1 f4+ 59. Kf3 Kd4 60. Na3 e5 61. Nb5+ Kc5 62. Na3 g4+ 63. Ke4 f3 64. Ke3 f2 65. Ke2 Kb4 66.
Nc2+ Kc3 67. Na3 Kb3 68. Nb1 a3 69. Nxa3 Kxa3 70. Kf1 Kb2 71. Kg2 e4 72. Kf1 Kc2 73.
Ke2 e3 74. Kf1 Kd1 75. Kg2 e2 76. Kh2 e1=Q 77. Kg2 Qg1# 0-1

[Event "*** Titled Tuesday 3|2 Blitz"]
[Site "Chess.com"]
[Date "2016.02.02"]
[Round "1"]
[White "dcremisi"]
[Black "E-Shaposhnikov"]
[Result "0-1"]
[WhiteElo "2164"]
[BlackElo "2497"]
[TimeControl "180+2"]
[EndTime "11:11:07 PST"]
[Termination "E-Shaposhnikov won by checkmate"]

1. d4 Nf6 2. c4 e6 3. Nf3 b6 4.
g3 Ba6 5. b3 d5 6. cxd5 exd5 7.
Bg2 Bb4+ 8. Bd2 Bd6 9. O-O O-O 10. Nc3 Re8 11. Re1 Nbd7 12. Bg5 h6 13. Bxf6 Nxf6 14. e3 Bb4 15. Rc1 Ne4 16. Nxe4 Bxe1 17. Qxe1 dxe4 18.
Nd2 Bd3 19. Nc4 c5 20. Ne5 cxd4 21. Nxd3 exd3 22. Bxa8 dxe3 23. Rd1 exf2+ 24. Qxf2 Qxa8 25.
Rxd3 Qc6 26. Qd2 Qc5+ 27. Kg2 Qe7 28. a4 Qe4+ 29. Kg1 Kh7 30. Rd7 Re7 31. Rxe7 Qxe7 32. Qd3+ g6 33. Qa6 Qe3+ 34. Kg2 Qxb3 35. Qxa7 Qa2+ 36.
Kh3 b5 37. a5 Qe6+ 38. Kg2 Qd5+ 39. Kh3 b4 40. a6 b3 41. Qb7 Qf5+ 42. Kg2 Qc2+ 43.
Kh3 Qf5+ 44. Kg2 Qc2+ 45. Kh3 Kg7 46. a7 b2 47. a8=Q b1=Q 48. Qxb1 Qxb1 49. Qd8 Qe4 50.
Qd2 g5 51. Qc3+ f6 52. Qd2 Kg6 53. Qd1 h5 54. Qd8 Qf5+ 55. Kg2 Qe4+ 56. Kg1 Qe6 57.
Qd3+ Kg7 58. Qd8 h4 59. gxh4 Qe1+ 60. Kg2 Qe2+ 61. Kg1 Qg4+ 62. Kh1 gxh4 63. Qe7+ Kg6 64. Qe8+ Kg7 65. Qe7+ Kg6 66. Qe8+ Kg5 67. Qg8+ Kf4 68. Qb8+ Kf3 69. Qb7+ Qe4 70. Qb2 Qe1# 0-1

[Event "*** Titled Tuesday 3|2 Blitz"]
[Site "Chess.com"]
[Date "2016.02.02"]
[Round "1"]
[White "BahadirOzen"]
[Black "Viaje"]
[Result "1-0"]
[WhiteElo "2489"]
[BlackElo "2158"]
[TimeControl "180+2"]
[EndTime "11:11:31 PST"]
[Termination "BahadirOzen won by checkmate"]

1. d4 Nf6 2. Nf3 d5 3. Bf4 c5 4. e3 Nc6 5. c3 Qb6 6. Qc1 Bf5 7. Nbd2 e6 8. Be2 Be7 9. O-O O-O 10. h3 Rac8 11. a3 h6 12. Bd1 Rfd8 13. Bc2 Bxc2 14.
Qxc2 cxd4 15. exd4 Nxd4 16. Nxd4 Qxd4 17. Be3 Qh4 18.
Bxa7 Qh5 19. Rfe1 d4 20. Nf3 dxc3 21. bxc3 Qa5 22. Bd4 Nd5 23. Qd2 Qa6 24. Qb2 Nf4 25. Red1 Ne2+ 26. Kh1 Nxd4 27. cxd4 Bf6 28. Ne5 Bxe5 29.
dxe5 Rxd1+ 30. Rxd1 Qa4 31. Rd2 Qf4 32. Rc2 Rd8 33.
Qc1 Qxe5 34. Rc8 Qd5 35. Qc7 Rxc8 36. Qxc8+ Kh7 37. Qc7 e5 38. Qc2+ g6 39. Kg1 Kg7 40. Qc3 Qd4 41. Qb3 b6 42. g3 Qc5 43. Qd3 Kf6 44. Qf3+ Ke7 45. Qd3 f5 46. Qa6 Kf6 47. Qd3 e4 48. Qd8+ Kf7 49. Qd7+ Kf6 50. Qd8+ Qe7 51.
Qh8+ Qg7 52. Qd8+ Qe7 53. Qh8+ Qg7 54. Qd8+ Qe7 55. Qd4+ Kf7 56. Qd5+ Qe6 57. Qb7+ Kf6 58. Qc7 e3 59. Qc3+ Kf7 60. fxe3 Qd6 61. Qc4+ Kf6 62. Qc3+ Kf7 63. Kh2 g5 64. Kg2 Kg6 65. Qb3 Kg7 66. Qa2 Kf6 67. Qb2+ Kg6 68. Qb3 Kg7 69. g4 fxg4 70. hxg4 Qc6+ 71. Kf2 Qd6 72. Qc3+ Kg6 73. Qc2+ Kg7 74. Qb2+ Kg6 75. Kf3 Qc6+ 76. e4 Qd6 77. e5 Qd5+ 78. Ke3 b5 79. Qc2+ Kg7 80. Qc7+ Kg6 81.
Qd6+ Qxd6 82. exd6 Kf6 83. Kd4 Ke6 84. Kc5 Kd7 85.
Kd5 h5 86. gxh5 g4 87. h6 g3 88. h7 g2 89. h8=Q g1=Q 90. Qh7+ Kd8 91. Qe7+ Kc8 92.
Qc7# 1-0

[Event "*** Titled Tuesday 3|2 Blitz"]
[Site "Chess.com"]
[Date "2016.02.02"]
[Round "1"]
[White "MasterLeif"]
[Black "pedromartinez91"]
[Result "1-0"]
[WhiteElo "2351"]
[BlackElo "1954"]
[TimeControl "180+2"]
[EndTime "11:13:02 PST"]
[Termination "MasterLeif won by checkmate"]

1. e4 c5 2. Nf3 Nc6 3. d4 cxd4 4. Nxd4 g6 5. Nc3 Bg7 6. Be3 Nf6 7. Nxc6 bxc6 8. e5 Ng8 9. f4 f6 10. e6 dxe6 11. Qxd8+ Kxd8 12. O-O-O+ Kc7 13. Bc4 Nh6 14. Rhe1 e5 15. fxe5 fxe5 16. h3 Nf5 17. Bg5 Bf6 18. Ne4 Bxg5+ 19. Nxg5 Nd6 20. Be6 h6 21. Bxc8 hxg5 22. Be6 e4 23. c4 c5 24. b3 a5 25.
Kc2 Raf8 26. Re2 Rf6 27. Bd5 Rh4 28. Rde1 g4 29. hxg4 Rxg4 30. Kc3 Rff4 31. Kb2 Kd7 32. Ka3 e6 33. Ba8 Kc7 34. Ka4 Kb6 35. a3 g5 36. g3 Rxg3 37. Bxe4 e5 38. Bc2 Rc3 39. Rxe5 Nxc4 40. Re6+ Nd6+ 41. b4 axb4 42. Rxd6+ Kc7 43. Red1 bxa3+ 44. Ka5 Rd4 45. R6xd4 cxd4 46. Bg6 Rc6 47. Be4 Rc5+ 48. Kb4 Re5 49. Bd3 Re3 50. Kxa3 Kd6 51. Kb3 Ke5 52. Kc4 g4 53. Rg1 g3 54.
Rg2 Rf3 55. Re2+ Re3 56. Rg2 Rf3 57. Rg1 Re3 58. Rg2 Kf4 59. Kxd4 Re7 60. Bc4 Rd7+ 61. Bd5 Kg4 62. Rg1 Re7 63. Be4 Kf4 64. Rf1+ Kg4 65.
Ke3 Kh3 66. Rh1+ Kg4 67. Rg1 Kh3 68. Rh1+ Kg4 69. Rh8 Rg7 70. Bf3+ Kg5 71. Rh5+ Kf6 72. Bg2 Kg6 73. Rd5 Kf6 74. Kf3 Ke6 75. Rh5 Kf6 76.
Rh1 Ke6 77. Re1+ Kd6 78. Bh3 Kd5 79. Bg4 g2 80. Rg1 Ke5 81. Rxg2 Ra7 82. Re2+ Kf6 83. Re4 Ra3+ 84. Kf4 Ra5 85. Re6+ Kf7 86. Rc6 Rb5 87. Bf5 Rb2 88. Be4 Rb5 89. Bd3 Ra5 90. Bf5 Ke7 91.
Re6+ Kf7 92. Kg5 Ra7 93. Rh6 Ra1 94. Rh7+ Ke8 95. Kf6 Re1 96. Rh8# 1-0

[Event "*** Titled Tuesday 3|2 Blitz"]
[Site "Chess.com"]
[Date "2016.02.02"]
[Round "1"]
[White "vovkcoach"]
[Black "arnacman"]
[Result "1/2-1/2"]
[WhiteElo "2547"]
[BlackElo "2238"]
[TimeControl "180+2"]
[EndTime "11:16:33 PST"]
[Termination "Game drawn by 50-move rule"]

1. d4 d5 2. c4 c6 3. Nf3 Nf6 4. Nc3 dxc4 5. a4 Bf5 6. Ne5 Nbd7 7.
Nxc4 Qc7 8. g3 e5 9. dxe5 Nxe5 10. Bf4 Nfd7 11. Bg2 f6 12. O-O g5 13. Ne3 Bg6 14. Bxe5 fxe5 15. b4 Bxb4 16. Qb3 a5 17. Qe6+ Be7 18.
Rac1 Nc5 19. Qa2 Bf7 20. Qb1 O-O 21. Nf5 Bg6 22. Qa2+ Kh8 23. Nxe7 Qxe7 24. Qa3 Rae8 25. Nd1 Ne6 26. Qb2 Nd4 27. e3 Nf3+ 28. Kh1 g4 29. Nc3 Qg5 30. Qxb7 Qh5 31. Bxf3 gxf3 32. Qxc6 Bf5 33. Qc5 Bh3 34. Rg1 Bg2+ 35. Rxg2 fxg2+ 36.
Kg1 Qf3 37. e4 Rf6 38. Nd5 Rh6 39. Ne3 Qh5 40. h4 Qf3 41. Nxg2 Qxe4 42. Qxa5 Rf6 43.
Qd2 Ref8 44. Rf1 Qxa4 45. Ne3 Rf3 46. Ng2 Qg4 47. Qd6 Qe4 48. Re1 Qd4 49. Qxe5+ Qxe5 50. Rxe5 Rxf2 51. Nf4 Rb2 52. Re2 Rb3 53. Kg2 Rg8 54. Nh5 Rb5 55. Nf6 Rf8 56. Nd7 Rd8 57. Ne5 Kg7 58.
Nf3 Rd7 59. Rf2 h6 60. Nh2 Rd3 61. Rf3 Rb2+ 62. Rf2 Rbb3 63. Nf3 Re3 64. g4 Kg6 65.
Kg3 h5 66. gxh5+ Kxh5 67. Kf4 Red3 68. Ne5 Rd4+ 69. Kf5 Rxh4 70. Rf4 Rh1 71. Rf2 Rg3 72. Rf3 Rg5+ 73. Ke6 Rg2 74. Rf8 Kh4 75. Rh8+ Kg3 76. Rxh1 Re2 77. Rf1 Rf2 78. Rg1+ Rg2 79. Re1 Rf2 80.
Re3+ Kg2 81. Kd5 Ra2 82. Nd3 Ra5+ 83. Ke4 Ra8 84. Nf4+ Kf2 85. Re2+ Kf1 86. Rb2 Ra4+ 87. Ke3 Ra3+ 88. Ke4 Ra4+ 89. Kf5 Ra8 90. Kg4 Rg8+ 91. Kf3 Ke1 92. Nd3+ Kd1 93. Ne5 Kc1 94. Rh2 Kd1 95. Ke3 Re8 96. Kd4 Rd8+ 97. Kc3 Rc8+ 98. Kd3 Rd8+ 99.
Ke4 Re8 100. Kf4 Kc1 101. Nd3+ Kd1 102. Nc5 Kc1 103. Ne4 Kd1 104. Ke3 Kc1 105. Kd4 Rd8+ 106. Kc4 Rc8+ 107. Nc5 Kd1 108. Ra2 Ke1 109. Kd4 Rd8+ 110. Ke3 Kd1 111. Nb3 Rb8 112. Rd2+ Ke1 113. Rb2 Re8+ 114. Kd3 Rd8+ 115. Nd4 Kf1 116. Ra2 Ke1 117. Ra7 Kf1 118. Rf7+ Ke1 119. Rf6 Rd7 120. Rf8 Rd6 121. Ke3 Rd7 122. Re8 Kd1 123. Re6 Ra7 124. Rh6 Ra3+ 125. Ke4 Ra8 126. Rh2 Rg8 127. Rh3 Kd2 128. Rd3+ Kc1 129. Ra3 Kd2 130. Ra2+ Kd1 1/2-1/2

[Event "*** Titled Tuesday 3|2 Blitz"]
[Site "Chess.com"]
[Date "2016.02.02"]
[Round "2"]
[White "Tesla37"]
[Black "Danirod"]
[Result "1-0"]
[WhiteElo "2567"]
[BlackElo "2383"]
[TimeControl "180+2"]
[EndTime "11:20:32 PST"]
[Termination "Tesla37 won by resignation"]

1. e4 c5 2. Nf3 g6 3. Nc3 Bg7 4. d4 cxd4 5. Nxd4 Nc6 6. Nde2 d6 7. g3 h5 8. h3 Nf6 9. Bg2 Bd7 10. Bg5 Qa5 11. Qd2 Ne5 12. b3 Rc8 13. Rd1 Bc6 14. O-O Ned7 15. Kh2 b5 16. Rfe1 Qb6 17. Nd4 a6 18. Nxc6 Qxc6 19. Nd5 Qxc2 20. Rc1 Qxc1 21. Rxc1 Rxc1 22. Qxc1 1-0

[Event "*** Titled Tuesday 3|2 Blitz"]
[Site "Chess.com"]
[Date "2016.02.02"]
[Round "2"]
[White "pedromartinez91"]
[Black "Parthenope"]
[Result "1-0"]
[WhiteElo "1958"]
[BlackElo "1753"]
[TimeControl "180+2"]
[EndTime "11:20:38 PST"]
[Termination "pedromartinez91 won by resignation"]

1. e4 c5 2. Nf3 d6 3. Bb5+ Bd7 4. Bxd7+ Qxd7 5. O-O Nc6 6. c3 Nf6 7. d4 Nxe4 8. d5 Ne5 9. Re1 Nxf3+ 10. Qxf3 Nf6 11. c4 g6 12. Qxf6 Rg8 13. Nc3 Bg7 14. Qf3 h5 15.
Bg5 1-0

[Event "*** Titled Tuesday 3|2 Blitz"]
[Site "Chess.com"]
[Date "2016.02.02"]
[Round "2"]
[White "GMG"]
[Black "jcgs1030"]
[Result "1-0"]
[WhiteElo "2443"]
[BlackElo "2191"]
[TimeControl "180+2"]
[EndTime "11:21:51 PST"]
[Termination "GMG won by resignation"]

1. d4 c5 2. d5 e5 3. e4 d6 4. c4 Nf6 5. Nc3 Be7 6. g3 Nbd7 7. Bg2 Nf8 8. Nge2 Ng6 9. O-O h5 10. f4 exf4 11. gxf4 Ng4 12. h3 Nh6 13. Ng3 h4 14. Nh5 Kf8 15. f5 Ne5 16. Bf4 Bf6 17. Qe2 Ng8 18.
Kh1 b6 19. Bf3 Ne7 20. Rg1 Rh7 21. Rg2 Bxf5 22. Nxf6 gxf6 23. exf5 Nxf5 24. Be4 Qd7 25. Bxe5 fxe5 26. Qg4 1-0

[Event "*** Titled Tuesday 3|2 Blitz"]
[Site "Chess.com"]
[Date "2016.02.02"]
[Round "2"]
[White "VSERGUEI"]
[Black "StellarChessPro"]
[Result "1-0"]
[WhiteElo "2394"]
[BlackElo "2231"]
[TimeControl "180+2"]
[EndTime "11:21:56 PST"]
[Termination "VSERGUEI won by resignation"]

1. d4 d5 2. c4 c6 3. e3 Nf6 4. Nc3 e6 5. b3 Nbd7 6. Bb2 Bd6 7. Nf3 O-O 8. Be2 dxc4 9. bxc4 e5 10. O-O exd4 11.
exd4 Re8 12. a4 h6 13. a5 a6 14. Qa4 Bc7 15. Rfe1 Ne4 16. Nxe4 Rxe4 17. Bc3 Nf6 18. Bd3 Rxe1+ 19. Rxe1 Bg4 20. Ne5 Bxe5 21. Rxe5 Qd7 22. h3 Bh5 23. Qc2 Re8 24. g4 Rxe5 25. dxe5 Nxg4 26.
Bh7+ Kh8 27. Bf5 Bg6 28. Bxd7 Bxc2 29. hxg4 1-0

[Event "*** Titled Tuesday 3|2 Blitz"]
[Site "Chess.com"]
[Date "2016.02.02"]
[Round "2"]
[White "tigra"]
[Black "Colombiano07"]
[Result "1-0"]
[WhiteElo "2367"]
[BlackElo "2184"]
[TimeControl "180+2"]
[EndTime "11:22:59 PST"]
[Termination "tigra won by checkmate"]

1. e4 e6 2. d4 d5 3. Nc3 dxe4 4.
Nxe4 Bd7 5. Nf3 Bc6 6. Bd3 Nd7 7. Ned2 Ngf6 8. Nc4 Bxf3 9. Qxf3 c6 10. Bf4 Nb6 11. c3 Nxc4 12. Bxc4 Bd6 13. Bg5 Be7 14. O-O-O O-O 15.
h4 b5 16. Bb3 a5 17. Qxc6 a4 18. Bc2 a3 19. Kb1 axb2 20. Bxf6 Bxf6 21. Qxb5 Qc7 22.
Qd3 g6 23. Bb3 Rfc8 24. Kxb2 Be7 25. h5 Ba3+ 26. Kc2 Bb4 27. c4 Qf4 28. hxg6 Qxf2+ 29. Kb1 hxg6 30. Rdf1 Qd2 31. Qh3 Qxd4 32. Qh7+ Kf8 33.
Qxf7# 1-0

[Event "*** Titled Tuesday 3|2 Blitz"]
[Site "Chess.com"]
[Date "2016.02.02"]
[Round "2"]
[White "BartoszSocko"]
[Black "kleinebeer98"]
[Result "1-0"]
[WhiteElo "2708"]
[BlackElo "2446"]
[TimeControl "180+2"]
[EndTime "11:23:08 PST"]
[Termination "BartoszSocko won by checkmate"]

1. e4 c5 2. Nf3 d6 3. d4 cxd4 4. Nxd4 Nf6 5. Nc3 a6 6. g3 e5 7. Nb3 Be6 8. Bg2 Nbd7 9. O-O Rc8 10. Re1 Be7 11. Nd2 b5 12. Nf1 O-O 13. Ne3 Nb6 14.
a4 b4 15. Ncd5 Bxd5 16. exd5 Qd7 17. a5 Nc4 18. Bf1 Nxe3 19. Bxe3 Qb7 20. Qd3 Qxd5 21. Qxa6 Rxc2 22. Bg2 Qe6 23. Qb7 Ng4 24. a6 Nxe3 25. Rxe3 d5 26. Bxd5 Qf6 27. Rf3 Qg5 28. a7 Bc5 29.
Qxf7+ Rxf7 30. a8=Q+ Bf8 31. Bxf7+ Kh8 32. Qxf8# 1-0

[Event "*** Titled Tuesday 3|2 Blitz"]
[Site "Chess.com"]
[Date "2016.02.02"]
[Round "2"]
[White "Dlugy"]
[Black "Spinaltap"]
[Result "1-0"]
[WhiteElo "2570"]
[BlackElo "2398"]
[TimeControl "180+2"]
[EndTime "11:23:14 PST"]
[Termination "Dlugy won by resignation"]

1. d4 d5 2. Bf4 c6 3. e3 Nf6 4. c4 a6 5. Nf3 Bg4 6. Nbd2 e6 7. h3 Bh5 8. Be2 Nbd7 9. O-O Be7 10. a4 a5 11. c5 O-O 12. Qb1 b6 13. cxb6 Qxb6 14. Rc1 c5 15. Bb5 Rac8 16. dxc5 Nxc5 17. Ne5 Rfd8 18.
Ra3 Nb7 19. Rac3 Rxc3 20. Rxc3 Bb4 21. Rc6 Qa7 22. Ra6 Qc5 23. Nb3 Qf8 24. Nc6 Rc8 25. Ra7 Bg6 26. Qf1 1-0

[Event "*** Titled Tuesday 3|2 Blitz"]
[Site "Chess.com"]
[Date "2016.02.02"]
[Round "2"]
[White "Keranke"]
[Black "ikhasu"]
[Result "1-0"]
[WhiteElo "2525"]
[BlackElo "2069"]
[TimeControl "180+2"]
[EndTime "11:23:19 PST"]
[Termination "Keranke won by resignation"]

1. d4 Nf6 2. c4 e6 3. Nc3 d5 4. cxd5 exd5 5. Bg5 c6 6. Qc2 Be7 7. e3 Nbd7 8. Bd3 h6 9. Bh4 Nh5 10. Bxe7 Qxe7 11. O-O-O Nb6 12. h3 Nf6 13. Nf3 Be6 14. Kb1 Nfd7 15. g4 O-O-O 16. Na4 Nxa4 17. Qxa4 Kb8 18.
Rc1 Nb6 19. Qc2 h5 20. Ne5 Rc8 21. f4 hxg4 22. hxg4 Rxh1 23. Rxh1 f6 24. Ng6 Qb4 25. f5 Bf7 26. Nf4 c5 27. Qc3 Qxc3 28. bxc3 Na4 29.
Ne2 cxd4 30. cxd4 Nc3+ 31. Kb2 Nxe2 32. Bxe2 Re8 33. Rh3 g6 34. Bd3 gxf5 35. gxf5 Kc7 36. Rh7 Re7 37. Kc3 Kd6 38. Rh6 Rxe3 39. Rxf6+ Ke7 40.
Rh6 Rf3 41. a3 a6 42. Rb6 Be8 43. Rxb7+ Kf6 44. Rb6+ Kf7 45. Kd2 Bd7 46. Ke2 Rg3 47.
Rxa6 Rxd3 48. Ra7 Ke8 49. Kxd3 1-0

[Event "*** Titled Tuesday 3|2 Blitz"]
[Site "Chess.com"]
[Date "2016.02.02"]
[Round "2"]
[White "SidArun"]
[Black "chessloveyou"]
[Result "0-1"]
[WhiteElo "2023"]
[BlackElo "2093"]
[TimeControl "180+2"]
[EndTime "11:23:49 PST"]
[Termination "chessloveyou won by resignation"]

1. e4 c6 2. d4 d5 3. e5 c5 4.
c3 Nc6 5. Nf3 Bg4 6. Bb5 e6 7.
Nbd2 Ne7 8. h3 Bxf3 9. Nxf3 Nf5 10. Bxc6+ bxc6 11. Qa4 Qb6 12. g4 Ne7 13. dxc5 Qxc5 14. Be3 Qb5 15. Qxb5 cxb5 16. Nd4 Rb8 17. f4 Kd7 18. Kd2 Nc6 19. Nxc6 Kxc6 20. Bd4 a5 21. Kd3 Be7 22. Rhc1 Rhc8 23. b3 Kd7 24. Rc2 Rc6 25.
Rac1 Ba3 26. Rf1 Rbc8 27. f5 exf5 28. Rxf5 Ke8 29. Rcf2 R8c7 30. g5 Bc5 31. Bxc5 Rxc5 32. Rc2 Ke7 33. Kd4 Ke6 34. Rf3 b4 35. c4 dxc4 36. bxc4 Rxe5 37. c5 Rd5+ 38. Ke4 Rcxc5 39. Rxc5 Rxc5 0-1

[Event "*** Titled Tuesday 3|2 Blitz"]
[Site "Chess.com"]
[Date "2016.02.02"]
[Round "2"]
[White "Maitreia"]
[Black "Hikaru"]
[Result "0-1"]
[WhiteElo "2464"]
[BlackElo "2864"]
[TimeControl "180+2"]
[EndTime "11:24:16 PST"]
[Termination "Hikaru won by resignation"]

1. c4 e5 2. g3 f5 3. Bg2 Nc6 4. d3 d6 5. Nc3 g6 6. Nf3 Bg7 7.
O-O Nf6 8. Rb1 a5 9. a3 O-O 10. b4 axb4 11. axb4 h6 12. b5 Ne7 13. Bb2 g5 14. c5 Ng6 15. Qb3+ Kh7 16. cxd6 cxd6 17. Nd2 Re8 18. Rfc1 Be6 19. Qd1 d5 20. Ra1 Rxa1 21. Rxa1 e4 22. Nb3 e3 23. fxe3 Ng4 24. Qd2 f4 25.
exf4 d4 26. Ne4 Bxb3 27. fxg5 Bd5 28. Qb4 Ne3 29. gxh6 Be5 30. Bf3 Nc2 31. Qa4 Nxa1 32. Qxa1 Rf8 33. Bxd4 Bxe4 34. Bxe5 Bxf3 35. exf3 Rxf3 36.
Bf4 Qe7 37. Kg2 Rxd3 38. Bg5 Qe4+ 39. Kh3 Ne5 40. Qf1 Qg4+ 41. Kg2 Qxg5 42. Qf8 Rd2+ 43. Kf1 Rd1+ 44. Kg2 Qd2+ 0-1

[Event "*** Titled Tuesday 3|2 Blitz"]
[Site "Chess.com"]
[Date "2016.02.02"]
[Round "2"]
[White "swayamsm"]
[Black "amaidel"]
[Result "1-0"]
[WhiteElo "2578"]
[BlackElo "2401"]
[TimeControl "180+2"]
[EndTime "11:24:16 PST"]
[Termination "swayamsm won by resignation"]

1. d4 d5 2. c4 c6 3. Nf3 Nf6 4. Nc3 dxc4 5. a4 Bg4 6. Ne5 Nbd7 7. Nxg4 Nxg4 8. e3 Ngf6 9. Bxc4 e6 10. O-O Bb4 11. Qb3 a5 12. Na2 c5 13. Nxb4 cxb4 14. Bd2 O-O 15. f3 Rc8 16. Rac1 Qe7 17. e4 e5 18. Be3 exd4 19. Bxd4 Nc5 20. Qe3 Nxa4 21. Bb5 Nxb2 22. Bxb2 Nd5 23. Qd4 Nf6 24. Qb6 Rxc1 25. Rxc1 Rd8 26. Qxa5 h5 27. Qc7 Rd1+ 28. Bf1 Rd7 29.
Qc5 Qd8 30. Qxb4 Rd2 31. Qxb7 Kh7 32. Bxf6 Qxf6 33. Qb5 g6 34. Kh1 h4 35. h3 Qf4 36.
Qc5 Rf2 37. Qxf2 1-0

[Event "*** Titled Tuesday 3|2 Blitz"]
[Site "Chess.com"]
[Date "2016.02.02"]
[Round "2"]
[White "Rating-Schmating"]
[Black "ftorodent"]
[Result "0-1"]
[WhiteElo "2150"]
[BlackElo "2328"]
[TimeControl "180+2"]
[EndTime "11:24:18 PST"]
[Termination "ftorodent won by resignation"]

1. e4 c5 2. Be2 Nc6 3. f4 d6 4. Nf3 g6 5. O-O Bg7 6. d3 Nf6 7. c3 O-O 8. Na3 Rb8 9. Nc2 b5 10. Qe1 b4 11. Bd2 a5 12. Rb1 Ba6 13. c4 b3 14. axb3 Rxb3 15. Ne3 Nd4 16. Nxd4 cxd4 17. Nd5 Nxd5 18. exd5 a4 19. Rf3 Qb6 20. Qc1 a3 21. Bd1 Rxb2 22. Rxb2 axb2 23. Qb1 Rb8 24. Rf2 Bc8 25. Be1 Bf5 26. Bc2 Ra8 27. Qd1 h5 28. Bb1 Rb8 29. g3 e5 30. dxe6 fxe6 31. Rc2 Qb3 32.
Qe2 Qxd3 33. Qxd3 Bxd3 34. Rxb2 Rxb2 35. Bxd3 Kf7 36. Kf1 Rxh2 37. Bf2 Rh1+ 38. Bg1 e5 39. Kg2 Rxg1+ 40. Kxg1 exf4 41. gxf4 Bh6 42. Kf2 Bxf4 43. Kf3 Be5 44. Ke4 Kf6 45. Be2 Ke6 46. Bf1 g5 47. Bh3+ g4 48. Bg2 Kf6 49. Bh1 Kg5 50. c5 dxc5 51. Kxe5 d3 52. Bf3 gxf3 0-1

[Event "*** Titled Tuesday 3|2 Blitz"]
[Site "Chess.com"]
[Date "2016.02.02"]
[Round "2"]
[White "oggy1984"]
[Black "LuckyTiger"]
[Result "0-1"]
[WhiteElo "2181"]
[BlackElo "2468"]
[TimeControl "180+2"]
[EndTime "11:24:23 PST"]
[Termination "LuckyTiger won by resignation"]

1. c4 Nf6 2. Nc3 e6 3. e4 d5 4.
e5 d4 5. exf6 dxc3 6. bxc3 Qxf6 7. Nf3 b6 8. d4 Bd6 9. Bg5 Qf5 10. Bd3 Qa5 11. Be4 c6 12. O-O h6 13. Bh4 Bb7 14.
c5 Bc7 15. Qb3 Nd7 16. Rfe1 Rb8 17. Bc2 O-O 18. Bb1 Rfe8 19. Qc2 Nf8 20. cxb6 axb6 21. Ne5 Qd5 22. Qe2 c5 23. f4 cxd4 24. Be4 Qxe4 25.
Qxe4 Bxe4 26. Rxe4 Bxe5 27. fxe5 dxc3 28. Rc1 Rec8 29.
Re3 Ra8 30. Rexc3 Rxc3 31. Rxc3 Rxa2 32. Rc8 g5 33. Bf2 Ra1+ 0-1

[Event "*** Titled Tuesday 3|2 Blitz"]
[Site "Chess.com"]
[Date "2016.02.02"]
[Round "2"]
[White "gmjoey1"]
[Black "Cecile_Haussernot"]
[Result "1-0"]
[WhiteElo "2456"]
[BlackElo "2179"]
[TimeControl "180+2"]
[EndTime "11:24:24 PST"]
[Termination "gmjoey1 won by resignation"]

1. e4 c5 2. c3 Nf6 3. e5 Nd5 4. d4 cxd4 5. cxd4 e6 6. Bc4 d6 7.
Nf3 Be7 8. O-O O-O 9. Qe2 b6 10. Bxd5 exd5 11. Rd1 Ba6 12. Qc2 Nd7 13. Nc3 Rc8 14.
Qa4 Bb7 15. Qxa7 Qc7 16. Qa3 Ra8 17. Qb3 dxe5 18. Nxd5 Bxd5 19. Qxd5 Ra5 20. Qe4 f5 21.
Qe2 e4 22. Nd2 Bd6 23. g3 Nf6 24. Nc4 Rd5 25. Nxd6 Qxd6 26. Bf4 Qb4 27. a3 Qb3 28. Rac1 Rfd8 29. Qc4 Qxb2 30. Rb1 Qxa3 31. Bg5 Qd6 32. Rb5 Kf8 33. Bxf6 gxf6 34. Rxd5 Qxd5 35. Qc7 Rd6 36. Qxh7 Qb3 37. Rc1 Rd8 38. Qh8+ Ke7 39. Qg7+ Ke6 40. Rc6+ Rd6 41. Qg8+ 1-0

[Event "*** Titled Tuesday 3|2 Blitz"]
[Site "Chess.com"]
[Date "2016.02.02"]
[Round "2"]
[White "pKiLz5Rn9b"]
[Black "nonsopolo1"]
[Result "0-1"]
[WhiteElo "2353"]
[BlackElo "2153"]
[TimeControl "180+2"]
[EndTime "11:24:28 PST"]
[Termination "nonsopolo1 won on time"]

1. e4 c5 2. c3 d6 3. d4 cxd4 4. cxd4 Nf6 5. Nc3 g6 6. h3 Bg7 7. Nf3 O-O 8. Be2 Nc6 9. Be3 e5 10. d5 Ne7 11. g4 Ne8 12. g5 f5 13. gxf6 Nxf6 14. Ng5 Qa5 15. Qd2 Bh6 16. f4 exf4 17.
Bxf4 Qb4 18. a3 Qb6 19. Rg1 Qxg1+ 20. Bf1 Bxg5 21. Bxg5 Bxh3 22. O-O-O Bxf1 23. e5 dxe5 24. d6 Nc6 25. d7 Nd4 26. Kb1 Nxd7 27. Ne4 Qg2 28.
Qe1 Bd3+ 0-1

[Event "*** Titled Tuesday 3|2 Blitz"]
[Site "Chess.com"]
[Date "2016.02.02"]
[Round "2"]
[White "FairChess_on_YouTube"]
[Black "tac49"]
[Result "1-0"]
[WhiteElo "2757"]
[BlackElo "2459"]
[TimeControl "180+2"]
[EndTime "11:24:29 PST"]
[Termination "FairChess_on_YouTube won by resignation"]

1. e4 e5 2. Nf3 Nc6 3. Bb5 a6 4. Ba4 Nf6 5. O-O Be7 6. Bxc6 dxc6 7. d3 Nd7 8. Nbd2 O-O 9. Nc4 f6 10. Nh4 Nc5 11. b3 Ne6 12. Nf5 Nd4 13. Nxd4 Qxd4 14. Bb2 Qd8 15. Ne3 Bc5 16. Qf3 Qe8 17. Rae1 Be6 18. Nf5 Rd8 19. Kh1 Bxf5 20. exf5 Qf7 21. Re4 Bd4 22. Ba3 Rfe8 23. Qh3 b5 24. Rh4 h6 25.
Rg4 Kh7 26. Bc1 Rh8 27. Rg6 Kg8 28. Qg3 Kf8 29. Re1 Rh7 30. h3 c5 31. Rg4 b4 32. Rge4 a5 33. f4 Re8 34. fxe5 Rxe5 35. Bf4 Rxe4 36. Rxe4 Qd5 1-0

[Event "*** Titled Tuesday 3|2 Blitz"]
[Site "Chess.com"]
[Date "2016.02.02"]
[Round "2"]
[White "GMVar"]
[Black "GMHess"]
[Result "1-0"]
[WhiteElo "2705"]
[BlackElo "2471"]
[TimeControl "180+2"]
[EndTime "11:24:34 PST"]
[Termination "GMVar won by resignation"]

1. d4 Nf6 2. c4 e6 3. Nf3 d5 4.
Nc3 Be7 5. g4 O-O 6. g5 Ne4 7.
h4 c5 8. dxc5 Nxc3 9. bxc3 dxc4 10. Qxd8 Rxd8 11. Be3 Na6 12. c6 bxc6 13. Bg2 Bd7 14. Ne5 Rac8 15. Nxc4 Bc5 16. O-O-O Bxe3+ 17. fxe3 Nc7 18. Nd6 Rb8 19. Rhf1 Be8 20. Nxe8 Nxe8 21.
Rxd8 Rxd8 22. Bxc6 Nd6 23. Rd1 Kf8 24. Rd4 a5 25. c4 Ke7 26. c5 Nf5 27. Rxd8 Kxd8 28.
Be4 Kc7 29. Kc2 Nxe3+ 30. Kd3 Ng4 31. Bxh7 Kc6 32. Kd4 f5 33. h5 e5+ 34. Kd3 Kxc5 35.
Bxf5 Nf2+ 36. Ke3 1-0